 Dungeon Crawl Stone Soup version 0.29.1-4-g47bece8355 (webtiles) character file.

Game seed: 1626802295136459470

70 GigaChad the Trooper (level 4, -2/41 HPs)
             Began as a Minotaur Fighter on Dec 7, 2022.
             Slain by a gnoll
             ... wielding a +0 halberd
             ... led by a gnoll bouda
              (8 damage)
             ... on level 2 of the Dungeon.
             The game lasted 00:04:15 (976 turns).

GigaChad the Trooper (Minotaur Fighter)              Turns: 976, Time: 00:04:15

Health: -2/41      AC:  7    Str: 22    XL:     4   Next: 3%
Magic:  3/3        EV: 13    Int:  9    God:
Gold:   26         SH:  4    Dex: 10    Spells: 3/3 levels left

rFire   x . .      SeeInvis .   a - +0 trident
rCold   + . .      Faith    .   c - +0 buckler
rNeg    . . .      Spirit   .   b - +0 scale mail
rPois   .          Reflect  .   (helmet restricted)
rElec   .          Harm     .   (no cloak)
rCorr   .          Rampage  .   (no gloves)
Will    .....                   (no boots)
Stlth   ..........              (no amulet)
HPRegen 0.13/turn               e - +4 ring of evasion
MPRegen 0.08/turn               i - ring of Xapeh {Ice Int+4}

@: no status effects
A: horns 2, retaliatory headbutt
a: no special abilities


You were on level 2 of the Dungeon.
You visited 1 branch of the dungeon, and saw 2 of its levels.

You collected 26 gold pieces.

Inventory:

Hand Weapons
 a - a +0 trident (weapon)
Armour
 b - a +0 scale mail (worn)
 c - a +0 buckler (worn)
Jewellery
 e - a +4 ring of evasion (left hand)
 i - the ring of Xapeh (right hand) {Ice Int+4}
   (You found it on level 2 of the Dungeon)

   [ring of ice]

   It enhances your ice magic.
   Int:       It affects your intelligence (+4).
   rF:        It makes you vulnerable to fire.
   rC:        It protects you from cold.
Scrolls
 f - a scroll of amnesia {unknown}
 g - a scroll of enchant weapon {unknown}
 h - a scroll of fear {unknown}
 j - a scroll of summoning {unknown}
Potions
 d - a potion of might
 k - a potion of mutation {unknown}


   Skills:
 + Level 4.3 Fighting
 + Level 3.5 Polearms
 + Level 4.2 Armour
 + Level 0.1 Dodging
 + Level 4.2 Shields


You had 3 spell levels left.
You didn't know any spells.
Your spell library was empty.

Dungeon Overview and Level Annotations

Branches:
Dungeon (2/15)

Altars:

Shops:
D:1 (   D:2 [


Innate Abilities, Weirdness & Mutations

You have a pair of horns on your head.
You reflexively headbutt those who attack you in melee.


Message History

You hit the gnoll.
The gnoll is severely wounded.
The gnoll misses you.
You barely miss the gnoll. Your headbutt misses the gnoll.
The gnoll is severely wounded.
The gnoll hits you with a +0 flail.
A gnoll comes into view. It is wielding a +0 spear.
The gnoll barely misses you. You furiously retaliate!
You headbutt the gnoll.
The gnoll shouts!
You hit the gnoll but do no damage.
The gnoll is almost dead.
The gnoll hits you with a +0 flail!
* * * LOW HITPOINT WARNING * * *
A gnoll bouda comes into view. It is wielding a +0 club.
You hit the gnoll.
You kill the gnoll!
You have reached level 4!
You feel agile.
There are monsters nearby!
A gnoll comes into view. It is wielding a +0 halberd.
The gnoll bouda gazes fiercely through you!
You feel your attacks grow feeble.
The gnoll bouda barks out a call to the hunt!
The gnolls pick up the pace!
The gnoll barely misses you.
The gnoll hits you from afar with a +0 spear.
* * * LOW HITPOINT WARNING * * *
The gnoll hits you with a +0 spear.
* * * LOW HITPOINT WARNING * * *
You block the gnoll bouda's attack. The gnoll hits you but does no damage.
You completely miss the gnoll bouda. You headbutt the gnoll bouda.
The gnoll bouda is lightly wounded.
Your attacks no longer feel as feeble.
The gnoll barely misses you. The gnoll bouda closely misses you.
The gnoll barely misses you.
You hit the gnoll bouda. Your headbutt misses the gnoll bouda.
The gnoll bouda is lightly wounded.
The gnoll misses you. The gnoll bouda closely misses you.
The gnoll hits you from afar with a +0 halberd!
You die...

#.# ##.#.##.# #.#
#.#.##.# #.#
#.#.##.# #.#
#....#.# ### #.#
#....".#####.... #.#
##.....).†...##
####.#.#.).......
####........########
.....g.@.####
####.##gg# #.#...#
#g.###. #.. .# #. .#
.. .. #. .


You could see a gnoll bouda and 2 gnolls.

Vanquished Creatures
  An adder (D:2)
  2 gnolls (D:2)
  A worm (D:2)
  6 ball pythons
  5 endoplasms
  3 giant cockroaches
  2 goblins (D:1)
  3 hobgoblins (D:1)
  3 kobolds
  4 quokkas (D:1)
  3 bats (D:1)
  3 rats
36 creatures vanquished.

Notes
Turn   | Place    | Note
-------+----------+-------------------------------------------
     0 | D:1      | GigaChad the Minotaur Fighter began the quest for the Orb.
     0 | D:1      | Reached XP level 1. HP: 19/19 MP: 0/0
   117 | D:1      | Reached XP level 2. HP: 25/27 MP: 1/1
   133 | D:1      | Found Pouc's Weapon Shop.
   485 | D:1      | Found a faded altar of an unknown god.
   583 | D:1      | Reached XP level 3. HP: 33/33 MP: 2/2
   802 | D:2      | Found Ladem's Armour Boutique.
   828 | D:2      | Identified the ring of Xapeh {Ice Int+4}
   969 | D:2      | Reached XP level 4. HP: 11/41 MP: 3/3
   976 | D:2      | Slain by a gnoll

Illustrated notes

Levels and vault maps discovered:
D:1:      matt_arrival_diagonals, layout_loops_ring, serial_shops, shop,
          nicolae_ecumenical_snake_handling
D:2:      minmay_inner_zag, layout_loops_ring, serial_shops,
          nicolae_shop_hallway_stairs, shop, shop_fountains

Skill      XL: |  1  2  3 |
---------------+----------+-----
Fighting       | 4 |  4.3
Shields        | 4 |  4.2
Armour         | 4 |  4.2
Polearms       | 3 |  3.5
Dodging        | |  0.1

Action                   |  1- 3 |  4- 6 || total
-------------------------+-------+-------++-------
Melee: Trident           |    74 |     2 ||    76
       Headbutt          |     9 |     1 ||    10
Armor: Scale mail        |    27 |     1 ||    28
Dodge: Dodged            |    55 |     6 ||    61
Block: Buckler           |    28 |     1 ||    29
